 Dungeon Crawl Stone Soup version 0.30-a0-331-g8ab09dc110 (webtiles) character file.

Game seed: 2046035715326128229

1617 jfcaron the Spear-Bearer (level 8, -1/67 HPs)
             Began as a Gnoll Reaver on Oct 30, 2022.
             Slain by a gnoll sergeant
             ... wielding a +0 trident
              (8 damage)
             ... on level 5 of the Dungeon.
             The game lasted 00:15:04 (4816 turns).

jfcaron the Spear-Bearer (Gnoll Reaver)             Turns: 4816, Time: 00:15:05

Health: -1/67      AC: 13    Str: 13 (15) XL:     8   Next: 96%
Magic:  28/28      EV:  7    Int: 17 (18) God:
Gold:   199        SH:  0    Dex:  9 (10) Spells: 21/22 levels left

rFire   . . .      SeeInvis .    a - +0 spear (freeze)
rCold   . . .      Faith    .    (no shield)
rNeg    . . .      Spirit   .    c - +0 chain mail
rPois   .          Reflect  .    (no helmet)
rElec   .          Harm     .    o - +0 cloak
rCorr   .          Rampage  .    h - +0 pair of gloves
Will    .....                    g - +0 pair of boots
Stlth   ..........               (no amulet)
HPRegen 0.31/turn                F - +6 ring of intelligence
MPRegen 0.21/turn                m - ring of magical power

@: no status effects
A: fangs 1, strong nose, distributed training
a: no special abilities


You were on level 5 of the Dungeon.
You visited 1 branch of the dungeon, and saw 5 of its levels.
You also visited: Sewer.

You collected 199 gold pieces.

Inventory:

Hand Weapons
 a - a +0 spear of freezing (weapon)
 l - a +0 trident
 w - a +2 dagger of holy wrath
 E - a +2 dagger of venom
Missiles
 e - 54 stones
 v - 3 poisoned darts
Armour
 b - a +0 leather armour
 c - a +0 chain mail (worn)
 g - a +0 pair of boots (worn)
 h - a +0 pair of gloves (worn)
 o - a +0 cloak (worn)
 s - a +0 kite shield
Jewellery
 k - a ring of positive energy
 m - a ring of magical power (right hand)
 F - a +6 ring of intelligence (left hand)
Scrolls
 d - 3 scrolls of vulnerability
 i - 2 scrolls of noise
 y - a scroll of immolation
Potions
 j - a potion of haste
 n - a potion of attraction
 p - a potion of cancellation
 q - a potion of flight
 r - 2 potions of might
 t - 2 potions of resistance
 A - a potion of ambrosia


   Skills:
 + Level 7.2 Fighting
 + Level 5.4 Short Blades
 + Level 5.4 Long Blades
 + Level 5.4 Axes
 + Level 5.4 Maces & Flails
 + Level 8.6 Polearms
 + Level 5.4 Staves
 + Level 5.4 Ranged Weapons
 + Level 5.4 Throwing
 + Level 5.4 Armour
 + Level 7.2 Dodging
 + Level 5.4 Stealth
 + Level 5.4 Shields
 + Level 5.4 Unarmed Combat
 + Level 7.5 Spellcasting
 + Level 7.2 Conjurations
 + Level 4.5 Hexes
 + Level 4.5 Summonings
 + Level 4.5 Necromancy
 + Level 4.5 Translocations
 + Level 4.5 Transmutations
 + Level 4.5 Fire Magic
 + Level 4.5 Ice Magic
 + Level 4.5 Air Magic
 + Level 4.5 Earth Magic
 + Level 4.5 Poison Magic
 + Level 6.0 Invocations
 + Level 5.4 Evocations


You had 21 spell levels left.
You knew the following spells:

 Your Spells              Type           Power      Damage    Failure   Level
a - Kiss of Death         Conj/Necr      100%       2d13      24%         1

Your spell library contained the following spells:

 Spells                   Type           Power      Damage    Failure   Level
 Momentum Strike          Conj/Tloc      52%        3d9       36%         2
 Beastly Appendage        Tmut           42%        N/A       41%         1
 Freeze                   Ice            84%        1d9       41%         1
 Sandblast                Erth           42%        2d11      41%         1
 Passwall                 Tmut/Erth      17%        N/A       54%         2
 Wereblood                Tmut           21%        N/A       54%         2
 Hailstorm                Conj/Ice       26%        3d7       58%         3
 Stone Arrow              Conj/Erth      52%        3d10      58%         3
 Confusing Touch          Hex            21%        N/A       78%         3
 Frozen Ramparts          Ice            42%        1d7       78%         3
 Spider Form              Tmut/Pois      21%        N/A       78%         3
 Dispel Undead            Necr           21%        3d11      99%         4
 Ice Form                 Ice/Tmut       21%        N/A       99%         4
 Summon Ice Beast         Ice/Summ       21%        N/A       99%         4


Dungeon Overview and Level Annotations

Branches:
Dungeon (5/15)              Sewer (visited)
 Temple: D:4-7

Altars:
Ru

Annotations:
D:4 come back with fireball or flame wave


Innate Abilities, Weirdness & Mutations

You have very sharp teeth.
Your uncanny sense of smell can sniff out nearby items.
Your experience applies equally to all skills.


Message History

Unknown command.
The hound attacks as you move away! The hound bites you but does no damage.
The gnoll sergeant attacks as you move away!
The gnoll sergeant hits you but does no damage.
The gnoll sergeant barely misses you. The hound bites you.
* * * LOW HITPOINT WARNING * * *
Things that are here:
a +3 flail of protection; a +0 ring mail You feel better.
The hound barely misses you.
The gnoll sergeant hits you but does no damage.
Okay, then.
Unknown command.
Okay, then.
Unknown command.
The hound bites you.
* * * LOW HITPOINT WARNING * * *
Unknown command.
The hound bites you but does no damage. The hound bites you.
* * * LOW HITPOINT WARNING * * *
A wight comes into view. It is wielding a +0 falchion.
Reach: a) +0 spear (freeze)
Press: ? - help, Dir - move target, f/p - gnoll sergeant
Aim: a gnoll sergeant, wielding a +0 trident, wearing a +0 chain mail and wearing a +0 kite shield (severely wounded, very poisoned, about 21% to evade your +0 spear of freezing)
The hound is in the way.
You closely miss the hound. The hound bites you.
* * * LOW HITPOINT WARNING * * *
The gnoll sergeant hits you but does no damage.
Reach: a) +0 spear (freeze)
Press: ? - help, Dir - move target, f/p - gnoll sergeant
Aim: a gnoll sergeant, wielding a +0 trident, wearing a +0 chain mail and wearing a +0 kite shield (severely wounded, very poisoned, about 21% to evade your +0 spear of freezing)
The hound is in the way.
You barely miss the hound. The hound barely misses you.
Okay, then.
Okay, then.
It was a potion of degeneration.
There was something very wrong with that liquid.
You feel weakened.
You feel dopey.
You feel clumsy. The hound bites you but does no damage.
The gnoll sergeant hits you from afar with a +0 trident!
You die...

##.. ... ... ..#
#..#∆#..# #.z###..#
#.......#
#.......####
#.........#
#@##.##.# #h##.##.#
#go..##.# #.##.##.#
#.#.##.##)#
#....).)[.##
##.......#.#.#
......####.....#
#..##.##...........


You could see an orc warrior, a gnoll sergeant (very poisoned), a hound and a
wight.

Vanquished Creatures
  Sigmund (D:2)
  Edmund (D:5)
  A sky beast (D:4)
  An ogre (D:3)
  2 bullfrogs (Sewer)
  A gnoll sergeant (D:5)
  A scorpion (D:4)
  Crazy Yiuf (D:2)
  An iguana (D:3)
  3 gnolls (D:3)
  5 adders
  4 river rats (Sewer)
  An ufetubus (D:5)
  3 worms (D:3)
  A dart slug (D:2)
  5 orcs
  23 ball pythons
  5 bats
  8 endoplasms
  5 giant cockroaches
  11 goblins
  4 hobgoblins
  7 jackals
  3 quokkas
  14 frilled lizards
  10 kobolds
  29 rats
  A bush (D:4)
  A plant (D:4)
153 creatures vanquished.

Notes
Turn   | Place    | Note
-------+----------+-------------------------------------------
     0 | D:1      | jfcaron the Gnoll Reaver began the quest for the Orb.
     0 | D:1      | Reached XP level 1. HP: 20/20 MP: 6/6
   394 | D:1      | Reached XP level 2. HP: 22/26 MP: 7/7
   757 | D:1      | Reached skill level 5 in Spellcasting
   757 | D:1      | Reached XP level 3. HP: 26/31 MP: 7/9
  1290 | D:2      | Reached skill level 1 in Invocations
  1367 | D:2      | Noticed Sigmund
  1390 | D:2      | Killed Sigmund
  1391 | D:2      | Reached skill level 1 in Short Blades
  1391 | D:2      | Reached skill level 1 in Long Blades
  1391 | D:2      | Reached skill level 1 in Axes
  1391 | D:2      | Reached skill level 1 in Maces & Flails
  1391 | D:2      | Reached skill level 1 in Staves
  1391 | D:2      | Reached skill level 1 in Ranged Weapons
  1391 | D:2      | Reached skill level 1 in Throwing
  1391 | D:2      | Reached skill level 1 in Armour
  1391 | D:2      | Reached skill level 1 in Stealth
  1391 | D:2      | Reached skill level 1 in Shields
  1391 | D:2      | Reached skill level 1 in Unarmed Combat
  1391 | D:2      | Reached skill level 1 in Hexes
  1391 | D:2      | Reached skill level 1 in Summonings
  1391 | D:2      | Reached skill level 1 in Necromancy
  1391 | D:2      | Reached skill level 1 in Translocations
  1391 | D:2      | Reached skill level 1 in Transmutations
  1391 | D:2      | Reached skill level 1 in Fire Magic
  1391 | D:2      | Reached skill level 1 in Ice Magic
  1391 | D:2      | Reached skill level 1 in Air Magic
  1391 | D:2      | Reached skill level 1 in Earth Magic
  1391 | D:2      | Reached skill level 1 in Poison Magic
  1391 | D:2      | Reached skill level 1 in Evocations
  1391 | D:2      | Reached XP level 4. HP: 25/38 MP: 11/11
  1391 | D:2      | Reached XP level 5. HP: 29/43 MP: 12/12
  1685 | D:2      | Found a faded altar of an unknown god.
  1924 | D:2      | Found a runed translucent door.
  1925 | D:2      | Noticed Crazy Yiuf
  1939 | D:2      | Killed Crazy Yiuf
  1940 | D:2      | Reached XP level 6. HP: 48/50 MP: 14/14
  2095 | D:2      | Reached skill level 5 in Fighting
  2095 | D:2      | Reached skill level 5 in Dodging
  2183 | D:3      | Found a glowing drain.
  2217 | Sewer    | Entered a sewer
  2709 | Sewer    | Reached skill level 7 in Polearms
  2709 | Sewer    | Reached XP level 7. HP: 40/56 MP: 15/15
  3034 | D:3      | HP: 1/56 [ogre/+0 giant spiked club (18)]
  3045 | D:3      | HP: 10/56 [gnoll/+0 whip (4)]
  3050 | D:3      | HP: 7/56 [gnoll/+0 whip (2)]
  3063 | D:3      | HP: 7/56 [worm (3)]
  3688 | D:4      | Reached skill level 5 in Short Blades
  3688 | D:4      | Reached skill level 5 in Long Blades
  3688 | D:4      | Reached skill level 5 in Axes
  3688 | D:4      | Reached skill level 5 in Maces & Flails
  3688 | D:4      | Reached skill level 8 in Polearms
  3688 | D:4      | Reached skill level 5 in Staves
  3688 | D:4      | Reached skill level 5 in Ranged Weapons
  3688 | D:4      | Reached skill level 5 in Throwing
  3688 | D:4      | Reached skill level 5 in Armour
  3688 | D:4      | Reached skill level 5 in Stealth
  3688 | D:4      | Reached skill level 5 in Shields
  3688 | D:4      | Reached skill level 5 in Unarmed Combat
  3688 | D:4      | Reached skill level 5 in Invocations
  3688 | D:4      | Reached skill level 5 in Evocations
  3688 | D:4      | Reached XP level 8. HP: 67/67 MP: 16/19
  4214 | D:4      | Found a sacrificial altar of Ru.
  4738 | D:5      | Entered Level 5 of the Dungeon
  4745 | D:5      | Noticed Edmund
  4752 | D:5      | Killed Edmund
  4785 | D:5      | HP: 12/67 [gnoll sergeant/+0 trident (10)]
  4803 | D:5      | HP: 13/67 [gnoll sergeant/+0 trident (8)]
  4806 | D:5      | HP: 6/67 [hound (1)]
  4812 | D:5      | HP: 7/67 [hound (2)]
  4816 | D:5      | Slain by a gnoll sergeant

Illustrated notes

Levels and vault maps discovered:
D:1:      dpeg_arrival_chambers_temple_mockup, layout_loops_corners
D:2:      layout_loops_ring, shapermc_ecumenical_altar_mp_highgroup,
          minmay_close_crescents, uniq_sigmund, uniq_crazy_yiuf_cottage
D:3:      layout_basic, serial_corexii_hall, corexii_hall_statues_t,
          corexii_hall_statues_t, cheibrodos_sewer_entry_sluice
D:4:      layout_cave_pools, nicolae_ru_the_path_less_chosen, serial_forest,
          infiniplex_forest_diagonal, infiniplex_forest_clump_small,
          infiniplex_forest_clump_double, infiniplex_forest_split,
          infiniplex_forest_straight_1, infiniplex_forest_clump_diagonal,
          infiniplex_forest_clump_double, infiniplex_forest_lined_room_2,
          infiniplex_forest_clump_long
D:5:      layout_loops_cross, mainiacjoe_overflow_surrounded_room,
          mainiacjoe_overflow_swirl, lemuel_temple_firewalk_b, enter_ossuary_3,
          sword_in_stone, uniq_edmund, uniq_pikel, uniq_blork_the_orc

Skill      XL: |  1  2  3  4  5  6  7  8 |
---------------+-------------------------+-----
Spellcasting   | 5 7 |  7.5
Invocations    | 1 2 5 6 |  6.0
Short Blades   | 1 2 5 |  5.4
Long Blades    | 1 2 5 |  5.4
Axes           | 1 2 5 |  5.4
Maces & Flails | 1 2 5 |  5.4
Staves         | 1 2 5 |  5.4
Ranged Weapons | 1 2 5 |  5.4
Throwing       | 1 2 5 |  5.4
Armour         | 1 2 5 |  5.4
Stealth        | 1 2 5 |  5.4
Shields        | 1 2 5 |  5.4
Unarmed Combat | 1 2 5 |  5.4
Hexes          | 1 4 |  4.5
Summonings     | 1 4 |  4.5
Necromancy     | 1 4 |  4.5
Translocations | 1 4 |  4.5
Transmutations | 1 4 |  4.5
Fire Magic     | 1 4 |  4.5
Ice Magic      | 1 4 |  4.5
Air Magic      | 1 4 |  4.5
Earth Magic    | 1 4 |  4.5
Poison Magic   | 1 4 |  4.5
Evocations     | 1 2 5 |  5.4
Fighting       | 5 7 |  7.2
Dodging        | 5 7 |  7.2
Polearms       | 7 8 |  8.6
Conjurations   | 7 |  7.2

Action                   |  1- 3 |  4- 6 |  7- 9 || total
-------------------------+-------+-------+-------++-------
Melee: Spear             |   136 |   328 |   438 ||   902
       Bite              |     4 |    19 |    72 ||    95
       Punch             |     2 |     5 |    31 ||    38
       Dagger            |       |       |     6 ||     6
Evoke: Wand              |       |       |     5 ||     5
  Use: Potion            |     3 |     1 |     5 ||     9
       Scroll            |       |     3 |    11 ||    14
 Stab: Paralysed         |       |       |     3 ||     3
Armor: Chain mail        |    60 |   284 |   143 ||   487
Dodge: Dodged            |    25 |   111 |    81 ||   217

Table legend: (Time is in decaauts)
 A = Elapsed time spent in this place.
 B = Non-inter-level travel time spent in this place.
 C = Inter-level travel time spent in this place.
 D = Time resting spent in this place.
 E = Time spent auto-exploring this place.
 F = Levels seen in this place.
 G = Mean time per level.
                   A        B        C        D        E       F      G
               +--------+--------+--------+--------+--------+-----+--------+
         Total |   4603 |   4390 |    213 |    389 |   2837 |   6 |  767.2 |
       Dungeon |   4004 |   3791 |    213 |    237 |   2626 |   5 |  800.8 |
         Sewer |    599 |    599 |      0 |    152 |    211 |   1 |  599.0 |
               +--------+--------+--------+--------+--------+-----+--------+

Top non-repeatable levels by time:
     D:1: 1245 daAuts
     D:4: 944 daAuts
     D:3: 934 daAuts
     D:2: 815 daAuts
   Sewer: 599 daAuts
     D:5: 64 daAuts
